[Event "Team 45 45 League T37"]
[Site "Internet Chess Club"]
[Date "2008.06.15"]
[Round "8"]
[White "keisher415"]
[Black "jazzpiano"]
[Result "1-0"]
[WhiteElo "1983"]
[BlackElo "1809"]
[Opening "Scandinavian (center counter) defense"]
[ECO "B01"]
[Time "15:03:41"]
[TimeControl "2700+45"]

1. e4 d5 2. Nc3 dxe4 3. Nxe4 e5 4. Bc4 Nf6 5. Ng5 Be6 6. Nxe6 fxe6 7. Nf3 Bd6 8.
O-O Qe7 9. d4 Nc6 10. dxe5 Nxe5 11. Nxe5 Bxe5 12. Re1 Qd6 13. Qxd6 Bxd6 14. Bxe6
Kf8 15. g3 Re8 16. Bd2 Re7 17. a3 Ke8 18. Rad1 Kd8 19. f4 Rhe8 20. f5 g6 21. Bg5
Rf8 22. fxg6 hxg6 23. Rd3 Rxe6 24. Rxe6 {Black resigns} 1-0

[Event "Team 45 45 League T37"]
[Site "Internet Chess Club"]
[Date "2008.06.16"]
[Round "8"]
[White "MaunaKeaMike"]
[Black "Archdruid"]
[Result "1-0"]
[WhiteElo "1826"]
[BlackElo "1654"]
[Opening "Réti: King's Indian attack (Barcza system)"]
[ECO "A07"]
[Time "22:00:23"]
[TimeControl "2700+45"]

1. Nf3 d5 2. g3 Nf6 3. Bg2 Bf5 4. d3 Qd7 5. Ne5 Qd8 6. Nd2 e6 7. O-O Bd6 8. Nef3
O-O 9. Qe1 h6 10. e4 dxe4 11. dxe4 Bc5 12. exf5 exf5 13. Nb3 Bb6 14. Be3 Re8 15.
Qd2 Qc8 16. Bxb6 axb6 17. a3 c5 18. Rad1 Nc6 19. Rfe1 Rd8 20. Qe2 Re8 21. Qb5
Rxe1+ 22. Rxe1 Ne4 23. Qxb6 Ra6 24. Qb5 f4 25. Rxe4 fxg3 26. hxg3 Qd7 27. Nxc5
Qd1+ 28. Re1 {Black resigns} 1-0

[Event "Team 45 45 League T37"]
[Site "Internet Chess Club"]
[Date "2008.06.12"]
[Round "8"]
[White "forketta"]
[Black "Checkmates"]
[Result "0-1"]
[WhiteElo "2001"]
[BlackElo "2340"]
[Opening "King's Indian: orthodox, Aronin-Taimanov, bayonet attack"]
[ECO "E97"]
[Time "12:17:00"]
[TimeControl "2700+45"]

1. d4 Nf6 2. c4 g6 3. Nc3 Bg7 4. e4 d6 5. Nf3 O-O 6. Be2 e5 7. O-O Nc6 8. d5 Ne7
9. b4 c6 10. Bb2 cxd5 11. cxd5 Ne8 12. Rc1 h6 13. b5 f5 14. Nd2 h5 15. exf5 gxf5
16. Bxh5 Nf6 17. Be2 Bh6 18. Rc2 Kh7 19. Nc4 Ng6 20. Ba3 Ne8 21. b6 axb6 22. Nb5
Bd7 23. Nbxd6 Rxa3 24. Nxb7 Qa8 25. Nxa3 Qxa3 26. Nd8 Ba4 27. Ne6 Rg8 28. Qb1
Bxc2 29. Qxc2 e4 30. Bh5 Nh4 31. g3 Nf3+ 32. Kh1 Nf6 33. Qc7+ Rg7 34. Nxg7 Bxg7
35. Qf7 Ne5 36. Qe6 Nxh5 37. Qxf5+ Kh6 38. Qxe4 Qf3+ 39. Qxf3 Nxf3 40. Kg2 Ne5
41. Rb1 Nd7 42. f4 Nhf6 43. Rd1 Ng4 44. Rd3 Nc5 45. Ra3 Bb2 46. Ra8 Ne3+ 47. Kf3
Nxd5 48. Rd8 Nf6 49. Rd6 Na4 50. g4 Kg7 51. g5 Ne8 52. Rd7+ Kf8 53. Kg4 Nc5 54.
Ra7 Ne6 55. f5 N6c7 56. f6 Kf7 57. h4 b5 58. Rb7 Bc1 59. h5 Bd2 60. h6 Kg8 61.
Kh5 Bxg5 62. Kxg5 Ne6+ 63. Kg6 Nf8+ 64. Kg5 Ne6+ 65. Kh4 Nd6 {White forfeits on
time} 0-1

[Event "Team 45 45 League T37"]
[Site "Internet Chess Club"]
[Date "2008.06.14"]
[Round "8"]
[White "SuperPeon"]
[Black "jonesey"]
[Result "1-0"]
[WhiteElo "2260"]
[BlackElo "1949"]
[Opening "Bishop's opening: Classical variation"]
[ECO "C23"]
[Time "07:01:22"]
[TimeControl "2700+45"]

1. e4 e5 2. Bc4 Bc5 3. d3 Nf6 4. Nc3 a6 5. Nf3 Nc6 6. Be3 Bxe3 7. fxe3 d6 8. O-O
Na5 9. Bb3 Bg4 10. Qe1 Nxb3 11. axb3 O-O 12. Qg3 Re8 13. Nh4 Bh5 14. Nf5 Bg6 15.
Qf3 Bxf5 16. Qxf5 Qd7 17. Qg5 Qg4 18. Qxg4 Nxg4 19. Nd5 Rac8 20. h3 Nh6 21. g4
Kf8 22. b4 c6 23. Nb6 Rc7 24. c4 Re6 25. Kg2 Rg6 26. c5 Ng8 27. d4 exd4 28. exd4
dxc5 29. bxc5 h5 30. Kf3 hxg4+ 31. hxg4 Nf6 32. Rg1 Nh7 33. Rh1 Ng5+ 34. Kf4
Ne6+ 35. Ke3 Rxg4 36. d5 cxd5 37. Nxd5 g5 38. Rh8+ Kg7 39. Rah1 Rd7 40. R1h7+
Kg6 41. Rh6+ Kg7 42. Nf6 {Black resigns} 1-0

[Event "Team 45 45 League T37"]
[Site "Internet Chess Club"]
[Date "2008.06.17"]
[Round "8"]
[White "Fegary"]
[Black "mickeys"]
[Result "0-1"]
[WhiteElo "2027"]
[BlackElo "1851"]
[Opening "French: advance, Paulsen attack"]
[ECO "C02"]
[Time "19:00:09"]
[TimeControl "2700+45"]

1. e4 e6 2. d4 d5 3. e5 c5 4. c3 Nc6 5. Nf3 Qb6 6. a3 c4 7. Be2 f6 8. O-O Bd7 9.
Nbd2 fxe5 10. Nxe5 Nxe5 11. dxe5 Nh6 12. b4 Nf7 13. Nf3 Be7 14. Bf4 O-O-O 15. a4
g5 16. Be3 Qa6 17. b5 Qa5 18. Qd4 Kb8 19. Rfb1 Rc8 20. Qd2 g4 21. Nd4 h5 22. f4
gxf3 23. Nxf3 Rhg8 24. Kh1 Rg7 25. g3 Qd8 26. a5 Ng5 27. Bxa7+ Kxa7 28. Qe3+ Bc5
29. Nd4 Ne4 30. a6 b6 31. Bf3 Qg5 32. Qxg5 Rxg5 33. Bxe4 dxe4 34. Rf1 Rg7 35.
Nc6+ Bxc6 36. bxc6 Rxc6 37. Rf4 e3 38. Rxc4 Rf7 39. Re1 Rf5 40. Re4 Kxa6 41. h3
Rc7 42. g4 hxg4 43. hxg4 Rh7+ 44. Kg2 Rf2+ 45. Kg3 Rhh2 46. Rf4 Rfg2+ 47. Kf3
Rf2+ 48. Kg3 Rxf4 49. Kxf4 e2 50. Kf3 Rf2+ 51. Kg3 Kb5 52. g5 Rf1 53. Rxe2 Rg1+
54. Rg2 Rxg2+ 55. Kxg2 Bf8 56. Kf3 Bg7 57. Ke4 Kc4 {White resigns} 0-1

[Event "Team 45 45 League T37"]
[Site "Internet Chess Club"]
[Date "2008.06.15"]
[Round "8"]
[White "shakkiipe"]
[Black "smitty120"]
[Result "0-1"]
[WhiteElo "1743"]
[BlackElo "1916"]
[Opening "King's Indian: orthodox, Aronin-Taimanov, bayonet attack"]
[ECO "E97"]
[Time "11:02:37"]
[TimeControl "2700+45"]

1. d4 Nf6 2. c4 g6 3. Nc3 Bg7 4. e4 d6 5. Nf3 O-O 6. Be2 e5 7. O-O Nc6 8. d5 Ne7
9. b4 Nh5 10. Re1 f5 11. Ng5 Nf6 12. Bf3 c6 13. Bb2 h6 14. Ne6 Bxe6 15. dxe6 Ne8
16. exf5 gxf5 17. Bh5 Nc7 18. Bf7+ Rxf7 19. exf7+ Kxf7 20. Qh5+ Kg8 21. Rad1 Ne6
22. Ne2 Qc7 23. Bc1 f4 24. g3 Rf8 25. Qg4 Rf6 26. Nc3 Rg6 27. Qe2 Nf5 28. Ne4
Ned4 29. Qd3 Qf7 30. Kh1 d5 31. Nd2 e4 32. Qf1 fxg3 33. fxg3 Rxg3 34. Qf4 Qh5
35. Rf1 e3 36. Nb3 e2 {White resigns} 0-1

[Event "Team 45 45 League T37"]
[Site "Internet Chess Club"]
[Date "2008.06.16"]
[Round "8"]
[White "Rookmaster"]
[Black "Avedldesierto"]
[Result "1/2-1/2"]
[WhiteElo "1839"]
[BlackElo "1809"]
[Opening "Sicilian, Chekhover variation"]
[ECO "B53"]
[Time "17:17:09"]
[TimeControl "2700+45"]

1. e4 c5 2. Nf3 d6 3. d4 cxd4 4. Qxd4 a6 5. Be3 Nc6 6. Qd2 Nf6 7. Nc3 b5 8. Nd4
Nxd4 9. Qxd4 e5 10. Qd3 Qa5 11. Bd2 b4 12. Nd5 Nxd5 13. Qxd5 Qxd5 14. exd5 Bf5
15. Bxb4 Bxc2 16. Bc4 Bf5 17. O-O Be7 {Game drawn by mutual agreement} 1/2-1/2

[Event "Team 45 45 League T37"]
[Site "Internet Chess Club"]
[Date "2008.06.16"]
[Round "8"]
[White "Cotesita"]
[Black "Endgamer"]
[Result "1-0"]
[WhiteElo "1663"]
[BlackElo "1455"]
[Opening "QGD Slav: 4.Nc3"]
[ECO "D15"]
[Time "19:28:20"]
[TimeControl "2700+45"]

1. d4 d5 2. c4 c6 3. Nc3 Nf6 4. Nf3 Bg4 5. Ne5 Bh5 6. Qb3 Qb6 7. e3 Qxb3 8. axb3
Na6 9. Ra4 Nc7 10. Bd2 a6 11. f3 e6 12. g4 Bg6 13. Kd1 Bd6 14. Nxg6 fxg6 15. c5
Be7 16. Kc2 O-O 17. Bd3 Nfe8 18. f4 Bh4 19. e4 Nf6 20. h3 Nb5 21. Bxb5 axb5 22.
Rxa8 Rxa8 23. e5 Nd7 24. Rf1 Bd8 25. Kd3 Bc7 26. Ke2 Rf8 27. Nd1 Nb8 28. Ne3 Na6
29. Rf3 Nb8 30. f5 gxf5 31. gxf5 exf5 32. Nxf5 Nd7 33. e6 Re8 34. Re3 g6 35.
exd7 Rxe3+ 36. Nxe3 Kf7 37. Ng4 Ke7 38. Bg5+ Kxd7 39. Nf6+ Ke7 40. Nxd5+ Kd7 41.
Nxc7 Kxc7 42. Ke3 Kd7 43. Ke4 Ke6 44. b4 h5 45. h4 Kf7 46. d5 {Black resigns}
1-0

[Event "Team 45 45 League T37"]
[Site "Internet Chess Club"]
[Date "2008.06.15"]
[Round "8"]
[White "okun"]
[Black "stakastra"]
[Result "0-1"]
[WhiteElo "1570"]
[BlackElo "1530"]
[Opening "Réti opening"]
[ECO "A04"]
[Time "09:00:52"]
[TimeControl "2700+45"]

1. Nf3 Nc6 2. g3 e5 3. d3 d5 4. Bg2 Nf6 5. O-O Bg4 6. Nc3 h6 7. e4 d4 8. Ne2 Qd7
9. Re1 Bc5 10. c3 O-O 11. Qb3 dxc3 12. Qxc3 Bxf3 13. Bxf3 Bd4 14. Nxd4 Nxd4 15.
Bg2 Rac8 16. Kh1 Rcd8 17. f4 Ng4 18. fxe5 Nf2+ 19. Kg1 Nh3+ 20. Kh1 Ng5 21. Rd1
Ne2 22. Qc4 Nh3 23. Be3 Ng5 24. d4 Qg4 25. Rd2 Nxg3+ 26. hxg3 Nxe4 27. Rc2 Nxg3+
28. Kg1 Nf5 29. Bf2 Nxd4 30. Bxd4 Rxd4 31. Qxc7 Rfd8 32. Rcc1 Rd2 33. Qxb7 Qd4+
34. Kh1 Qh4+ 35. Kg1 Qd4+ 36. Kh1 Qxe5 37. Qxa7 Rxb2 38. a4 Rxg2 39. Kxg2 Qg5+
40. Kf1 Qf5+ 41. Qf2 Qh3+ 42. Ke1 Re8+ 43. Kd1 Qb3+ 44. Rc2 Rd8+ 45. Kc1 Qd5 46.
Raa2 Qd1+ 47. Kb2 Rb8+ 48. Ka3 Qd3+ 49. Rc3 Qxc3# {White checkmated} 0-1

[Event "Team 45 45 League T37"]
[Site "Internet Chess Club"]
[Date "2008.06.12"]
[Round "8"]
[White "Tomate"]
[Black "RingLord"]
[Result "0-1"]
[WhiteElo "1456"]
[BlackElo "1573"]
[Opening "QGD: Albin counter-gambit, 5.g3"]
[ECO "D09"]
[Time "19:35:12"]
[TimeControl "2700+45"]

1. d4 d5 2. c4 e5 3. dxe5 d4 4. Nf3 Nc6 5. g3 Be6 6. b3 Bb4+ 7. Bd2 Bc5 8. Bg2
Nge7 9. O-O Ng6 10. a3 a5 11. Bc1 Qd7 12. Nbd2 Bh3 13. Ne4 Be7 14. e6 Bxe6 15.
Bb2 Rd8 16. Qd2 Bf5 17. Nfg5 h6 18. Nxf7 Kxf7 19. Rad1 Bh3 20. e3 Bxg2 21. Kxg2
Bf6 22. Nxf6 gxf6 23. Bxd4 Nxd4 24. Qxa5 Qc6+ 25. f3 Ne6 26. h4 Rhg8 27. Qh5 Kg7
28. Qf5 Rxd1 29. Rxd1 Kf7 30. Kf2 Rd8 31. Rxd8 Nxd8 32. h5 Nf8 33. g4 Qd7 34.
Qc2 Qd6 35. f4 Qxa3 36. Qc3 Qa2+ 37. Kf3 Qb1 38. Qd2 Qh1+ 39. Kg3 Qg1+ 40. Kf3
Nde6 41. Qd5 Qh1+ 42. Kg3 Qxd5 43. cxd5 Nc5 44. b4 Ne4+ 45. Kf3 Nc3 46. e4 Nd7
47. Ke3 Nb6 48. Kd4 Ne2+ 49. Ke3 Ng3 50. Kd4 Ke7 51. e5 Ne2+ 52. Ke3 Nxd5+ 53.
Kxe2 Nxf4+ 54. Kf3 fxe5 55. Ke4 Ke6 56. g5 hxg5 57. h6 Ng6 58. Kf3 Kf5 {White
resigns} 0-1

[Event "Team 45 45 League T37"]
[Site "Internet Chess Club"]
[Date "2008.06.12"]
[Round "8"]
[White "Kingofknights"]
[Black "celebrat"]
[Result "1-0"]
[WhiteElo "1799"]
[BlackElo "1544"]
[Opening "King's Indian: Sämisch variation"]
[ECO "E80"]
[Time "19:00:22"]
[TimeControl "2700+45"]

1. d4 Nf6 2. c4 g6 3. Nc3 Bg7 4. e4 d6 5. f3 Nbd7 6. Be3 O-O 7. Qd2 Re8 8. Nge2
a6 9. g4 Rb8 10. Ng3 Nf8 11. Be2 e5 12. d5 c6 13. h4 cxd5 14. cxd5 Re7 15. h5
Qa5 16. hxg6 fxg6 17. a3 Bd7 18. b4 Qc7 19. Rc1 Rc8 20. g5 Ne8 21. a4 Rf7 22.
Kf2 Qd8 23. b5 axb5 24. axb5 Qa5 25. b6 Ra8 26. Qb2 Rc8 27. Nb5 Rxc1 28. Rxc1
Bxb5 29. Bxb5 Nd7 30. Ra1 {Black resigns} 1-0

[Event "Team 45 45 League T37"]
[Site "Internet Chess Club"]
[Date "2008.06.16"]
[Round "8"]
[White "beerss"]
[Black "gtm"]
[Result "0-1"]
[WhiteElo "1461"]
[BlackElo "1625"]
[Opening "Bird's opening"]
[ECO "A03"]
[Time "20:00:22"]
[TimeControl "2700+45"]

1. f4 d5 2. Nf3 Nf6 3. e3 g6 4. b3 Bg7 5. Bb2 O-O 6. Bd3 c5 7. O-O Nc6 8. Bb5
Bg4 9. Bxc6 bxc6 10. Qe1 Qd7 11. d3 Qf5 12. Ne5 Nd7 13. Nxc6 Rfe8 14. Ne5 Rac8
15. Nd2 Nxe5 16. fxe5 Qh5 17. Qf2 Rf8 18. Kh1 d4 19. exd4 cxd4 20. Nc4 Rfd8 21.
Qxf7+ Kh8 22. Qxe7 Re8 23. Qxa7 Rxc4 24. bxc4 Bxe5 25. h3 Bxh3 26. Bxd4 Bg4+ 27.
Kg1 Qh2+ 28. Kf2 Qg3+ 29. Kg1 Qh2+ 30. Kf2 Rf8+ 31. Ke1 Rxf1+ 32. Kxf1 Qf4+ 33.
Bf2 Bxa1 34. Qa8+ Kg7 35. Qb7+ Kh6 36. Kg1 Qc1+ 37. Kh2 Be5+ 38. g3 Qxc2 39. Qb6
Qxd3 40. Be3+ Kh5 41. Qc5 Qc2+ 42. Bf2 Qf5 43. Bd4 Bxd4 44. Qxd4 Qc2+ 45. Kg1
Qd1+ 46. Kf2 Qxd4+ {White resigns} 0-1

[Event "Team 45 45 League T37"]
[Site "Internet Chess Club"]
[Date "2008.06.15"]
[Round "8"]
[White "ADIOKiddo4Ever"]
[Black "Fineas-Fogg"]
[Result "1-0"]
[WhiteElo "1628"]
[BlackElo "1444"]
[Opening "Vienna: Paulsen-Mieses variation"]
[ECO "C26"]
[Time "11:36:05"]
[TimeControl "2700+45"]

1. e4 e5 2. Nc3 Nf6 3. g3 Nc6 4. Bg2 d6 5. Nge2 Be7 6. O-O O-O 7. d3 h5 8. Nd5
Be6 9. Nxe7+ Nxe7 10. Bg5 Ng6 11. f4 exf4 12. Nxf4 Bg4 13. Qc1 c6 14. h3 Qb6+
15. Kh2 Nh7 16. Nxg6 fxg6 17. Rxf8+ Rxf8 18. Be3 Qd8 19. hxg4 hxg4 20. Qd2 Nf6
21. Bxa7 Nh5 22. Qc3 Nf4 23. gxf4 Qh4+ 24. Kg1 Rxf4 25. Rf1 g3 26. Rxf4 Qxf4 27.
Qe1 Kh7 28. Be3 Qh4 29. Qd2 {Black resigns} 1-0

[Event "Team 45 45 League T37"]
[Site "Internet Chess Club"]
[Date "2008.06.14"]
[Round "8"]
[White "nanning"]
[Black "Ernie1"]
[Result "1/2-1/2"]
[WhiteElo "1606"]
[BlackElo "1698"]
[Opening "Caro-Kann: classical, Spassky variation"]
[ECO "B18"]
[Time "09:45:14"]
[TimeControl "2700+45"]

1. e4 c6 2. d4 d5 3. Nc3 dxe4 4. Nxe4 Bf5 5. Ng3 Bg6 6. Nf3 Nd7 7. h4 h6 8. h5
Bh7 9. Bd3 Bxd3 10. Qxd3 Ngf6 11. Bf4 Nd5 12. Bd2 Qc7 13. O-O-O e6 14. c4 Nb4
15. Qb3 a5 16. a3 a4 17. Qe3 Na6 18. Bc3 Bd6 19. Kb1 Bxg3 20. fxg3 Qxg3 21. d5
cxd5 22. cxd5 O-O-O 23. Rc1 Kb8 24. dxe6 fxe6 25. Ba5 Rc8 26. Qxe6 Ndc5 27. Qe5+
Qxe5 28. Nxe5 Rhe8 29. Bc3 Nb3 30. Rcd1 Rxc3 31. Nd7+ Kc7 32. bxc3 Re2 33. g4
Nd2+ 34. Kc1 Nb3+ 35. Kb1 Nd2+ 36. Kc1 Nb3+ 37. Kb1 {Game drawn by repetition}
1/2-1/2

[Event "Team 45 45 League T37"]
[Site "Internet Chess Club"]
[Date "2008.06.12"]
[Round "8"]
[White "NESKAYA"]
[Black "SATELLITE-DAN"]
[Result "0-1"]
[WhiteElo "1415"]
[BlackElo "1608"]
[Opening "Giuoco Piano"]
[ECO "C54"]
[Time "18:00:16"]
[TimeControl "2700+45"]

1. e4 e5 2. Nf3 Nc6 3. Bc4 Bc5 4. c3 Nf6 5. Qc2 O-O 6. O-O d6 7. h3 Be6 8. Bxe6
fxe6 9. a3 Ne7 10. b4 Bb6 11. a4 a6 12. d4 exd4 13. cxd4 Ng6 14. Bg5 Qe8 15.
Bxf6 Rxf6 16. a5 Ba7 17. Qxc7 Rxf3 18. gxf3 Nf4 19. Kh2 Qh5 20. Kg3 Qg5+ 21. Kh2
Qh4 22. Qxg7+ Kxg7 23. Rg1+ Kf7 24. Rg3 Rg8 25. Nd2 Rxg3 26. fxg3 Qxh3+ 27. Kg1
Qg2# {White checkmated} 0-1

[Event "Team 45 45 League T37"]
[Site "Internet Chess Club"]
[Date "2008.06.13"]
[Round "8"]
[White "MarcoDeSade"]
[Black "RealChosenOne"]
[Result "0-1"]
[WhiteElo "1481"]
[BlackElo "1667"]
[Opening "Sicilian: Smith-Morra gambit"]
[ECO "B21"]
[Time "13:55:23"]
[TimeControl "2700+45"]

1. e4 c5 2. d4 cxd4 3. c3 dxc3 4. Nxc3 Nc6 5. Nf3 e6 6. Bc4 a6 7. Bf4 d6 8. O-O
Nf6 9. Qe2 Be7 10. Rfd1 O-O 11. Bxd6 Bxd6 12. e5 Nxe5 13. Nxe5 Qc7 14. Nf3 Bd7
15. Rac1 Rac8 16. Rc2 Bxh2+ 17. Nxh2 Qxc4 18. Qxc4 Rxc4 19. Nf3 Rc5 20. b4 Rc7
21. Rdc1 Rfc8 22. Nd4 e5 23. Nb3 b6 24. Na1 Kf8 25. Ne2 Rxc2 26. Rxc2 Rxc2 27.
Nxc2 Nd5 28. a3 f5 29. f3 h5 30. Kf2 Kf7 31. Ne3 Nxe3 32. Kxe3 g5 33. Nc3 Bc6
34. a4 b5 35. axb5 axb5 36. Ne2 g4 37. fxg4 hxg4 38. g3 Ke6 39. Nc1 Kf6 40. Nd3
Bd5 41. Kf2 Bc4 42. Ne1 f4 43. Ng2 Kg5 44. Ne1 fxg3+ 45. Kxg3 e4 46. Nc2 Be6 47.
Ne3 Kf6 48. Kf4 g3 49. Kxg3 Ke5 50. Kf2 Kd4 51. Ke2 Kc3 {White resigns} 0-1

[Event "Team 45 45 League T37"]
[Site "Internet Chess Club"]
[Date "2008.06.16"]
[Round "8"]
[White "badmove"]
[Black "jazzyrick"]
[Result "1-0"]
[WhiteElo "1642"]
[BlackElo "1548"]
[Opening "Bird's opening: Lasker variation"]
[ECO "A03"]
[Time "17:01:25"]
[TimeControl "2700+45"]

1. f4 d5 2. Nf3 c5 3. e3 Nf6 4. Be2 e6 5. d3 Be7 6. c3 O-O 7. O-O Nc6 8. d4 b6
9. Qe1 a5 10. Ne5 Nb8 11. Nd2 Ba6 12. Rf3 Bxe2 13. Qxe2 Ne8 14. Rh3 f6 15. Nd3
g6 16. e4 Qd6 17. Nf3 c4 18. e5 Qc7 19. Nf2 f5 20. Ng5 Bxg5 21. fxg5 Nc6 22. g4
Ng7 23. Bd2 Rf7 24. Rf1 Raf8 25. Rf3 fxg4 26. Rxf7 Rxf7 27. Nxg4 Rxf1+ 28. Qxf1
Nf5 29. Be1 Qf7 30. Bd2 Nd8 31. b3 Kh8 32. bxc4 Nh4 33. cxd5 Nf3+ 34. Kg2 Nxd2
35. Qxf7 Nxf7 36. dxe6 {Black resigns} 1-0

[Event "Team 45 45 League T37"]
[Site "Internet Chess Club"]
[Date "2008.06.15"]
[Round "8"]
[White "fibin"]
[Black "quotha"]
[Result "0-1"]
[WhiteElo "1530"]
[BlackElo "1592"]
[Opening "Philidor's defense"]
[ECO "C41"]
[Time "12:00:45"]
[TimeControl "2700+45"]

1. e4 e5 2. Nf3 d6 3. Bc4 Be7 4. d3 Nf6 5. Ng5 O-O 6. Bxf7+ Rxf7 7. Nxf7 Kxf7 8.
O-O Nc6 9. Nc3 Bg4 10. f3 Be6 11. Bg5 Kg8 12. Bxf6 Bxf6 13. Ne2 d5 14. f4 dxe4
15. fxe5 Bxe5 16. Nf4 Bf7 17. Qg4 Qd4+ 18. Kh1 e3 19. c3 Qd6 20. Rae1 Rf8 21.
Rxe3 Bxa2 22. Ref3 Bxf4 23. Rxf4 Rxf4 24. Rxf4 Be6 25. Qh4 Qxd3 26. Qe1 Qd6 27.
Re4 Bf5 28. Re3 h6 29. Rf3 Bg6 30. Re3 Na5 31. Re6 Qd3 32. Re3 Qb1 33. Qxb1 Bxb1
34. Re7 Nb3 35. Rxc7 Be4 36. h3 Bc6 37. Re7 a5 38. Re2 a4 39. Kh2 Kf7 40. g4 Nc5
41. Kg3 g5 42. h4 Ne4+ 43. Kh3 Ke6 44. hxg5 hxg5 45. Re1 Kd5 46. Rd1+ Kc4 47.
Kg2 Nxc3+ {White forfeits on time} 0-1

[Event "Team 45 45 League T37"]
[Site "Internet Chess Club"]
[Date "2008.06.12"]
[Round "8"]
[White "john-beebs"]
[Black "werty"]
[Result "0-1"]
[WhiteElo "1493"]
[BlackElo "1475"]
[Opening "French: classical, Anderssen variation"]
[ECO "C13"]
[Time "15:02:29"]
[TimeControl "2700+45"]

1. e4 e6 2. d4 d5 3. Nc3 Nf6 4. Bg5 Be7 5. Bxf6 Bxf6 6. e5 Be7 7. Nge2 c5 8. Ng3
Nc6 9. Nce2 Qb6 10. Rb1 cxd4 11. c3 dxc3 12. bxc3 Qc7 13. Nd4 Nxe5 14. Be2 Qxc3+
15. Qd2 Qxd2+ 16. Kxd2 O-O 17. Rhc1 Bg5+ {White resigns} 0-1

[Event "Team 45 45 League T37"]
[Site "Internet Chess Club"]
[Date "2008.06.13"]
[Round "8"]
[White "EyeAm"]
[Black "moreffee"]
[Result "1/2-1/2"]
[WhiteElo "1424"]
[BlackElo "1215"]
[Opening "Sicilian: Alapin's variation (2.c3)"]
[ECO "B22"]
[Time "14:00:44"]
[TimeControl "2700+45"]

1. e4 c5 2. c3 Nf6 3. e5 Nd5 4. Nf3 e6 5. Bc4 Nb6 6. Bb3 Nc6 7. d4 d5 8. O-O c4
9. Bc2 Be7 10. b3 Bd7 11. Nbd2 cxb3 12. axb3 a5 13. Ba3 Qc7 14. Qe2 Bxa3 15.
Rxa3 O-O 16. Ng5 g6 17. Qe3 Kg7 18. Qh3 h6 19. Ngf3 Ne7 20. Nh4 g5 21. Nhf3 Rh8
22. Qh5 Ng6 {Game drawn by mutual agreement} 1/2-1/2

[Event "Team 45 45 League T37"]
[Site "Internet Chess Club"]
[Date "2008.06.14"]
[Round "8"]
[White "jjaillet2007"]
[Black "Hastings"]
[Result "0-1"]
[WhiteElo "1235"]
[BlackElo "1299"]
[Opening "Benoni defense"]
[ECO "A56"]
[Time "16:02:18"]
[TimeControl "2700+45"]

1. d4 Nf6 2. c4 c5 3. Nc3 cxd4 4. Qxd4 Nc6 5. Qd2 g6 6. Nf3 Bg7 7. e3 O-O 8. Bd3
Nb4 9. Bb1 b6 10. O-O Bb7 11. Qe2 Qc7 12. h3 d6 13. a3 Nc6 14. Nd5 Qd7 15. e4 e6
16. Nxf6+ Bxf6 17. Rd1 Qc7 18. Bg5 Bxb2 19. Ra2 Bg7 20. Bf4 Ne5 21. Bxe5 dxe5
22. Nh4 Rfd8 23. Rxd8+ Rxd8 24. Bc2 Rd4 25. Bd3 Qd8 26. Nf3 Rxd3 27. Kh2 Qd6 28.
Ne1 Rxa3 29. Rd2 Qc7 30. Nd3 Qxc4 31. Nb2 Qxe2 32. Rxe2 Ra2 33. f3 f5 34. Rd2
fxe4 35. Rd8+ Bf8 36. Nc4 exf3 37. Nd2 fxg2 38. Nb3 Rb2 39. Rb8 Bd5 40. Nc1 e4
41. Rc8 e3 42. Nd3 Rb1 43. Nf4 g1=Q# {White checkmated} 0-1

[Event "Team 45 45 League T37"]
[Site "Internet Chess Club"]
[Date "2008.06.16"]
[Round "8"]
[White "joaoazm"]
[Black "MeansToAnEnd"]
[Result "1-0"]
[WhiteElo "1212"]
[BlackElo "1117"]
[Opening "Sicilian: Grand Prix attack"]
[ECO "B21"]
[Time "20:04:28"]
[TimeControl "2700+45"]

1. e4 c5 2. f4 d6 3. Nf3 Nf6 4. Nc3 a6 5. Be2 Nc6 6. a3 b5 7. d4 cxd4 8. Nxd4
Nxd4 9. Qxd4 e6 10. e5 Ng8 11. Ne4 d5 12. b4 a5 13. Bxb5+ Bd7 14. Nd6+ Bxd6 15.
Bxd7+ Qxd7 16. exd6 Qxd6 17. O-O axb4 18. Qxg7 Qc5+ 19. Kh1 Rc8 20. Qxh8 Kf8 21.
axb4 Qc4 22. Ba3 Qxc2 23. b5+ Ke8 24. Qxg8+ Kd7 25. Qxf7+ Kd8 26. Qe7# {Black
checkmated} 1-0

[Event "Team 45 45 League T37"]
[Site "Internet Chess Club"]
[Date "2008.06.12"]
[Round "8"]
[White "pestka"]
[Black "Checkmates"]
[Result "0-1"]
[WhiteElo "2223"]
[BlackElo "2336"]
[Opening "English opening"]
[ECO "A16"]
[Time "02:28:05"]
[TimeControl "2700+45"]

1. c4 Nf6 2. Nc3 g6 3. g3 Bg7 4. Bg2 O-O 5. Nf3 d6 6. O-O e5 7. d3 Re8 8. Bg5 c6
9. Qd2 d5 10. cxd5 cxd5 11. d4 e4 12. Ne5 Nc6 13. Nxc6 bxc6 14. Rac1 Be6 15. Na4
Qc8 16. Qc2 Nd7 17. e3 Nf8 18. Bf4 Bd7 19. Nc5 Bh3 20. Na4 Bd7 21. Nc5 Bg4 22.
b3 Ne6 23. Nxe6 Rxe6 24. h3 Bf3 25. Bxf3 exf3 26. Kh2 Rf6 27. Be5 Re6 28. Bf4
Qd8 29. g4 Rc8 30. Qd1 g5 31. Bg3 h5 32. Qxf3 h4 33. Be5 f6 34. Qf5 Qe7 35. e4
Rd8 36. exd5 Rxd5 37. Qf3 fxe5 38. Rxc6 e4 39. Rxe6 Qc7+ {White resigns} 0-1

[Event "Team 45 45 League T37"]
[Site "Internet Chess Club"]
[Date "2008.06.16"]
[Round "8"]
[White "DTK"]
[Black "killer21"]
[Result "0-1"]
[WhiteElo "2148"]
[BlackElo "2244"]
[Opening "Sicilian"]
[ECO "B50"]
[Time "12:59:36"]
[TimeControl "2700+45"]

1. e4 c5 2. Nf3 d6 3. c3 Nf6 4. Bd3 Nc6 5. Bc2 Bg4 6. d3 e6 7. Nbd2 Be7 8. h3
Bh5 9. Nf1 d5 10. Qe2 O-O 11. Ng3 dxe4 12. dxe4 Bxf3 13. Qxf3 c4 14. Bf4 Qa5 15.
O-O Rfd8 16. b4 Qb6 17. a4 Bd6 18. Bxd6 Rxd6 19. Rad1 Rad8 20. Rxd6 Rxd6 21. Rd1
Ne5 22. Qe2 Rxd1+ 23. Qxd1 a5 24. Qd2 axb4 25. cxb4 Nc6 26. b5 Qd4 27. Qe1 Ne5
28. Ne2 Qc5 29. Qc3 Nfd7 30. Kf1 g5 31. Qg3 Ng6 32. Qc3 f6 33. g3 Kf7 34. Nd4
Nge5 35. Kg2 g4 36. hxg4 Nxg4 37. f4 Ke8 38. Bd1 e5 39. Bxg4 exd4 40. Qa5 Qc8
41. Bxd7+ Qxd7 42. Qa8+ Ke7 43. Qg8 c3 44. Qg7+ Ke6 45. f5+ Kd6 46. Qxf6+ Kc5
47. Qf8+ Qd6 48. Qc8+ Kb4 49. Kf3 d3 50. e5 Qd5+ 51. Ke3 d2 52. e6 d1=Q {White
resigns} 0-1

[Event "Team 45 45 League T37"]
[Site "Internet Chess Club"]
[Date "2008.06.14"]
[Round "8"]
[White "gezira"]
[Black "jorobo"]
[Result "0-1"]
[WhiteElo "2206"]
[BlackElo "2111"]
[Opening "French: advance variation"]
[ECO "C02"]
[Time "10:02:53"]
[TimeControl "2700+45"]

1. e4 e6 2. d4 d5 3. e5 c5 4. c3 Qb6 5. f4 Nc6 6. Nf3 Nh6 7. Bd3 cxd4 8. cxd4
Bd7 9. Bc2 Nb4 10. Be3 Rc8 11. Nc3 Nxc2+ 12. Qxc2 Nf5 13. Bf2 Qa6 14. Qe2 Qxe2+
15. Kxe2 Bb4 16. Rac1 h5 17. Rhd1 Ke7 18. Be1 Bxc3 19. Bxc3 f6 20. Bb4+ Kf7 21.
b3 b6 22. Kf2 Rxc1 23. Rxc1 Rc8 24. Rxc8 Bxc8 25. h3 Ba6 26. g4 hxg4 27. hxg4
Nh6 28. Kg3 Bd3 29. Bd6 Be2 30. Bb8 a6 31. Bc7 b5 32. Bd6 Bd1 33. Bc5 Ke8 34.
Ba3 Kf7 35. Bd6 Ke8 36. Bc5 Kf7 37. Bb4 Ke8 38. Nh2 Kf7 39. Bd6 Ke8 40. Bc5 Kf7
41. Bb4 Ke8 42. Bd2 f5 43. g5 Ng4 44. Nf3 Bxf3 45. Kxf3 g6 46. a4 Kd7 47. axb5
axb5 48. Ke2 Kc6 49. Kd3 Nf2+ 50. Ke2 Ne4 51. Bb4 Kb6 52. Kd3 Ka6 53. Be7 Ka5
54. b4+ Ka4 55. Bc5 Kb3 56. Be7 Nc3 57. Kd2 Na2 58. Bc5 Nxb4 59. Bf8 Kc4 60. Bc5
Nc6 61. Bb6 Nxd4 62. Ke3 Nc6 63. Ke2 Kc3 64. Kd1 Nd4 65. Bc7 Kd3 66. Bb6 Ne2 67.
Bc5 Nxf4 68. Bb6 Ke4 69. Kd2 d4 70. Ba5 Kxe5 {White resigns} 0-1